 Dungeon Crawl Stone Soup version 0.31-a0-1376-g36f0627844 (webtiles) character file.

Game seed: 5037265731263637123

14973 Amplified the Martial Artist (level 11, -3/80 HPs)
             Began as a Demonspawn Alchemist on Dec 24, 2023.
             Was a Follower of Hepliaklqana.
             Killed from afar by a gargoyle (19 damage)
             ... with a stone arrow
             ... on level 8 of the Dungeon.
             The game lasted 00:25:08 (8164 turns).

Amplified the Martial Artist (Demonspawn Alchemist) Turns: 8164, Time: 00:25:10

Health: -3/80      AC: 11    Str: 13    XL:     11   Next: 95%
Magic:  18/18      EV: 12    Int: 16    God:    Hepliaklqana [*.....]
Gold:   447        SH:  0    Dex: 13    Spells: 8/14 levels left

rFire   . .          .
                       - Unarmed
rCold   . . .        (no shield)
rNeg    . . .        i - +1 ring mail
rPois   .            (helmet restricted)
rElec   .            (no cloak)
rCorr   .            B - +0 pair of gloves
SInv    +            k - +2 pair of boots
Will    +....        g - amulet of regeneration
Stlth   +            t - ring of see invisible
HPRegen 1.13/turn    v - ring of willpower
MPRegen 0.16/turn

%: no passive effects
@: no status effects
A: reduced essence, claws 2, horns 1, demonic guardian 1, ignite blood 2,
weakness stinger 2
a: Renounce Religion, Recall Ancestor, Ancestor Identity


You were on level 8 of the Dungeon.
You worshipped Hepliaklqana.
Hepliaklqana was aware of your devotion.
You visited 2 branches of the dungeon, and saw 9 of its levels.
You also visited: Bailey.

You collected 596 gold pieces.
You spent 149 gold pieces at shops.

Inventory:

Hand Weapons
 d - a +1 dagger of venom
 D - the +3 Elemental Staff {ele, rElec rF+ rC+ AC+3}
   (You took it off a deep elf pyromancer on level 8 of the Dungeon)

   AC+3:      It affects your AC (+3).
   rF+:       It protects you from fire.
   rC+:       It protects you from cold.
   rElec:     It insulates you from electricity.
Armour
 i - a +1 ring mail (worn)
 k - a +2 pair of boots (worn)
 o - a +0 pair of boots of stealth
 r - the +0 leather armour of Music {^Contam rF++ rN++}
   (You found it on level 6 of the Dungeon)

   rF++:      It greatly protects you from fire.
   rN++:      It greatly protects you from negative energy.
   ^Contam:   It causes magical contamination when unequipped.
 B - a +0 pair of gloves (worn)
Jewellery
 g - an amulet of regeneration (around neck)
 t - a ring of see invisible (left hand)
 v - a ring of willpower (right hand)
 x - a ring of wizardry
 A - a ring of fire
Wands
 e - a wand of flame (18)
 f - a wand of roots (12)
Scrolls
 a - a scroll of teleportation
 h - 2 scrolls of immolation
 n - a scroll of vulnerability
 p - a scroll of fog
 q - 2 scrolls of revelation
 s - a scroll of acquirement
Potions
 b - a potion of magic
 c - a potion of invisibility {unknown}
 j - 3 potions of enlightenment
 l - a potion of haste {unknown}
 m - a potion of brilliance
 u - 2 potions of attraction
 w - 2 potions of resistance {unknown}
 z - a potion of heal wounds
 C - a potion of berserk rage {unknown}
 F - a potion of curing


   Skills:
 * Level 9.5 Fighting
 - Level 5.5 Armour
 - Level 5.7 Dodging
 - Level 1.8 Stealth
 * Level 11.4 Unarmed Combat
 - Level 2.0 Spellcasting
 - Level 1.0 Conjurations
 - Level 3.0 Alchemy
 * Level 10.1 Invocations


You had 8 spell levels left.
You knew the following spells:

 Your Spells              Type           Power      Damage    Failure   Level
a - Sting                 Conj/Alch      32%        1d5       19%         1
b - Mercury Vapours       Alch/Air       12%        N/A       32%         2
c - Mephitic Cloud        Conj/Alch/Air  5%         N/A       56%         3

Your spell library contained the following spells:

 Spells                   Type           Power      Damage    Failure   Level
 Shock                    Conj/Air       12%        1d3       32%         1
 Cigotuvi's Dreadful Rot  Necr/Alch/Air  8%         N/A       38%         2
 Dazzling Flash           Conj/Hex       6%         N/A       69%         3
 Olgreb's Toxic Radiance  Alch           11%        N/A       75%         4
 Swiftness                Air            1%         N/A       77%         3
 Sticky Flame             Fire/Alch      6%         2d4       91%         4
 Airstrike                Air            0%         2d(1-17)  99%         4
 Dispel Undead            Necr           1%         3d6       99%         4
 Agony                    Necr           1%         N/A       100%        5
 Silence                  Hex/Air        0%         N/A       100%        5
 Death Channel            Necr           0%         N/A       100%        6


Dungeon Overview and Level Annotations

Branches:
Dungeon (8/15)             Temple (1/1) D:7          Bailey (visited)
   Lair: D:8-11

Altars:
Ashenzari
Cheibriados
Dithmenos
Fedhas
Gozag
Hepliaklqana
Kikubaaqudgha
Makhleb
Nemelex Xobeh
Okawaru
Qazlal
Ru
Sif Muna
Trog
Uskayaw
Vehumet
Wu Jian
Xom
Yredelemnul

Shops:
D:1 (   D:2 =   D:6 ?

Annotations:
D:5 Blork the orc


Innate Abilities, Weirdness & Mutations

Your life essence is reduced to manifest your ancestor. (-10% HP)
You have very sharp fingernails.
You have a pair of small horns on your head.
A weak demonic guardian rushes to your aid.
Your demonic aura often causes spilled blood to erupt in flames.
You have a tail ending in a sharp stinger.


Message History

The bullfrog hits you.
A demonic guardian appears!
The bullfrog hits you.
You punch the bullfrog!
You kill the bullfrog!
No target in view!
No target in view!
Unknown command.
No target in view!
You swap places.
You swap places.
Found an escape hatch in the floor.
Your shadow imp disappears in a puff of smoke!
You open the door.
The gargoyle hurls a stone arrow at you.
The stone arrow hits you!
There is an open door, spattered with blood here.
A gargoyle is nearby!
The gargoyle hurls a stone arrow at you.
The stone arrow hits you!
The gargoyle hurls a stone arrow at you.
The stone arrow hits you! The gargoyle hits you with a +0 flail.
Unknown command.
You feel much better.
The gargoyle hurls a stone arrow at you.
The stone arrow hits you!! The gargoyle hits you with a +0 flail!
Unknown command.
Okay, then.
As you read the scroll of summoning, it crumbles to dust.
Wisps of shadow whirl around you...
Msizi hits the gargoyle but does no damage.
The gargoyle hits you with a +0 flail! x2
* * * LOW HITPOINT WARNING * * *
A demonic guardian appears!
Unknown command.
You swap places.
Msizi hits the gargoyle.
The gargoyle hits your orc with a +0 flail!
Your orc dies!
Your orc's corpse dissolves into shadows!
The gargoyle hurls a stone arrow at you.
The stone arrow hits you!!
You die...

#...##.###....##.##....#### ##
##.....##≈##..#'...'#..##≈### .#
##.....##≈≈≈####.[...####≈≈≈##
####.....##≈≈○≈≈##.......##≈§☼≈≈#
.##....#####≈≈≈####.....####≈≈≈##
[(.......####≈##KK#+...'#..##≈###
###.......#####.K5o##.##)...#####
#........### #Ko.Ko###)....####
##.........# ###@○9K###....###
#..........# #>K#R9##.##..#'.#
#..........# ##.####...####>.#
...........# #..##..§..##†#.#
...........## #...##...##....#
.........#..###....##.##...###
.........##..#......###...##
###############......#...##
##........##


You could see the friendly Msizi the ancestor, 2 gargoyles, a friendly kobold
brigand (summoned), a friendly ufetubus (summoned), 3 friendly orcs and 6
friendly kobolds.

Vanquished Creatures
  A two-headed ogre (D:8)
  Pikel (D:5)
  A deep elf pyromancer (D:8)
  Maurice (D:7)
  Maggie (D:8)
  A gargoyle (D:8)
  A rime drake (D:8)
  An efreet (D:8)
  8 yaks
  3 wyverns
  A fire elemental (D:8)
  A steam dragon (D:8)
  2 water moccasins
  4 ogres
  2 black bears
  An ice beast (D:5)
  16 orc warriors
  2 centaurs
  3 phantoms
  A lemure (D:5)
  A kobold brigand (D:6)
  A gnoll sergeant (D:8)
  6 scorpions
  2 bullfrogs (D:8)
  2 wights
  2 howler monkeys
  An electric eel (D:8)
  2 bombardier beetles
  6 hounds
  A gnoll bouda (D:4)
  4 jellies
  3 orc priests
  Natasha (twice) (D:2)
  3 orc wizards (D:8)
  4 iguanas
  7 adders
  10 gnolls
  A white imp (D:6)
  A dart slug (D:5)
  20 orcs
  5 endoplasms
  2 giant cockroaches
  21 goblins
  18 hobgoblins
  4 jackals (D:1)
  12 kobolds
  2 quokkas
  7 ball pythons
  4 bats
  3 frilled lizards
  8 rats
217 creatures vanquished.

Vanquished Creatures (collateral kills)
  A bullfrog (D:8)
  A wight (D:7)
  An orc priest (D:4)
  Natasha (D:2)
  2 gnolls (D:4)
  A worm (D:3)
  2 orcs (D:6)
  A kobold (D:3)
  A ball python (D:4)
11 creatures vanquished.

Grand Total: 228 creatures vanquished

Notes
Turn   | Place    | Note
-------+----------+-------------------------------------------
     0 | D:1      | Amplified the Demonspawn Alchemist began the quest for the
                  | Orb.
     0 | D:1      | Reached XP level 1. HP: 13/13 MP: 3/3
   252 | D:1      | Reached skill level 1 in Fighting
   291 | D:1      | Discovered your monstrous ancestry.
   291 | D:1      | Gained mutation: You have a pair of small horns on your
                  | head. [demonic ancestry]
   291 | D:1      | Reached XP level 2. HP: 16/21 MP: 5/5
   315 | D:1      | Found Owkeuhuqe's Antique Weapon Shoppe.
   400 | D:1      | Reached skill level 1 in Armour
   997 | D:2      | Noticed Natasha
  1092 | D:3      | Gained mutation: A weak demonic guardian rushes to your
                  | aid. [demonic ancestry]
  1092 | D:3      | Reached XP level 3. HP: 27/27 MP: 6/6
  1813 | D:4      | Reached XP level 4. HP: 27/34 MP: 7/7
  1862 | D:4      | Noticed a phantom
  1876 | D:4      | Killed a phantom
  1877 | D:4      | Reached XP level 5. HP: 41/41 MP: 8/8
  1935 | D:4      | Noticed a black bear
  1952 | D:5      | Entered Level 5 of the Dungeon
  1976 | D:5      | Noticed a water moccasin
  1984 | D:5      | Killed a water moccasin
  1985 | D:5      | Reached skill level 1 in Unarmed Combat
  1985 | D:5      | Gained mutation: You have a small tail. [demonic ancestry]
  1985 | D:5      | Reached XP level 6. HP: 48/48 MP: 9/9
  2192 | D:4      | Found an ornate altar of the Wu Jian Council.
  2211 | D:4      | Reached skill level 2 in Unarmed Combat
  2211 | D:4      | Gained mutation: Your demonic aura sometimes causes spilled
                  | blood to erupt in flames. [demonic ancestry]
  2211 | D:4      | Reached XP level 7. HP: 17/55 MP: 10/10
  2302 | D:3      | Reached skill level 5 in Fighting
  2360 | D:2      | Found a faded altar of an unknown god.
  2438 | D:2      | Killed Natasha
  2450 | D:2      | Found Itixucug's Jewellery Emporium.
  2495 | D:2      | Noticed Natasha
  2572 | D:2      | Killed Natasha
  2624 | D:2      | Noticed Natasha
  2631 | D:2      | Killed Natasha
  2863 | D:4      | Found a basalt altar of Yredelemnul.
  2966 | D:4      | Reached skill level 3 in Unarmed Combat
  3033 | D:4      | Learned a level 2 spell: Mercury Vapours
  3135 | D:4      | Reached skill level 5 in Armour
  3330 | D:4      | Gained mutation: You have sharp fingernails. [demonic
                  | ancestry]
  3330 | D:4      | Reached XP level 8. HP: 64/64 MP: 11/11
  3345 | D:4      | Found an ancient bone altar of Kikubaaqudgha.
  3705 | D:5      | Noticed Pikel
  3817 | D:5      | Reached skill level 4 in Unarmed Combat
  3979 | D:5      | Killed Pikel
  4021 | D:5      | Noticed Blork the orc
  4025 | D:5      | Reached skill level 5 in Unarmed Combat
  4103 | D:6      | Gained mutation: You have a tail ending in a sharp stinger.
                  | [demonic ancestry]
  4103 | D:6      | Reached XP level 9. HP: 67/72 MP: 12/12
  4164 | D:6      | Found Riukk's Magic Scroll Shoppe.
  4169 | D:6      | Bought a scroll of blinking for 97 gold pieces
  4169 | D:6      | Bought a scroll of fog for 52 gold pieces
  4424 | D:6      | Identified the +0 leather armour of Music {^Contam rF++
                  | rN++}
  4819 | D:6      | Found a hide-covered altar of Uskayaw.
  5004 | D:7      | Found a staircase to the Ecumenical Temple.
  5028 | D:7      | Reached skill level 6 in Unarmed Combat
  5036 | Temple   | Entered the Ecumenical Temple
  5076 | Temple   | Became a worshipper of Hepliaklqana the Forgotten
  5332 | D:7      | Reached skill level 1 in Invocations
  5389 | D:7      | Reached skill level 5 in Dodging
  5579 | D:7      | Noticed Maurice
  5583 | D:7      | Maurice stole a ring of willpower
  5604 | D:7      | Maurice stole 352 gold
  5612 | D:7      | Killed Maurice
  5684 | D:7      | Gained mutation: Your demonic aura often causes spilled
                  | blood to erupt in flames. [demonic ancestry]
  5684 | D:7      | Reached XP level 10. HP: 61/82 MP: 13/13
  6104 | D:8      | Found a flagged portal.
  6209 | Bailey   | Entered a bailey
  6463 | Bailey   | Reached skill level 5 in Invocations
  6494 | Bailey   | Learned a level 3 spell: Mephitic Cloud
  6566 | Bailey   | Noticed an orc warlord
  6616 | Bailey   | Identified the amulet of Greed {Spirit Will+}
  6957 | Bailey   | Reached skill level 11 in Unarmed Combat
  6957 | Bailey   | Gained mutation: You have very sharp fingernails. [demonic
                  | ancestry]
  6957 | Bailey   | Reached XP level 11. HP: 87/87 MP: 16/16
  7190 | D:8      | Noticed a deep elf pyromancer
  7197 | D:8      | Killed a deep elf pyromancer
  7633 | D:8      | Noticed a two-headed ogre
  7650 | D:8      | Killed a two-headed ogre
  7754 | D:8      | Reached * piety under Hepliaklqana
  7785 | D:8      | Noticed Maggie
  7802 | D:8      | Killed Maggie
  7965 | D:8      | Reached skill level 10 in Invocations
  8164 | D:8      | Killed from afar by a gargoyle

Illustrated notes

Levels and vault maps discovered:
D:1:      wander_arrival_desolate, layout_basic, serial_shops,
          nicolae_shop_crystal, dreamdust_wishing_well, minmay_misc_feat_x
D:2:      layout_rooms, ebering_ecumenical_altar_mist, serial_shops, shop,
          uniq_natasha
D:3:      layout_basic, corexii_shack
D:4:      layout_cave_pools, amcnicky_altar_gilded,
          mainiacjoe_overflow_catch_the_wave, minmay_gold_behind_fungi,
          hangedman_glass_teeth
D:5:      kennysheep_windowed_halls, layout_basic, uniq_pikel,
          uniq_blork_the_orc
D:6:      layout_loops_ring, minitemple, serial_shops, shop
D:7:      layout_loops_ring, temple_fountains, uniq_maurice
D:8:      layout_cave_pods, enter_bailey_3, chequers_serial_rivers_micro_d,
          st_stairs_12, serial_bayou_ford_a,
          dilly_guarded_unrand_elemental_staff, uniq_maggie
Temple:   bh_familiar_temple

Skill      XL: |  1  2  3  4  5  6  7  8  9 10 11 |
---------------+----------------------------------+-----
Fighting       | 1 2 3 4 5 7 8 9 |  9.5
Armour         | 1 2 3 4 5 |  5.5
Unarmed Combat | 1 2 3 5 6 11 | 11.4
Dodging        | 3 5 |  5.7
Invocations    | 3 7 10 | 10.1
Stealth        | |  1.8
Spellcasting   | |  2.0
Conjurations   | |  1.0
Alchemy        | |  3.0

Action                     |  1- 3 |  4- 6 |  7- 9 | 10-12 || total
---------------------------+-------+-------+-------+-------++-------
  Melee: Dagger            |   109 |    53 |   428 |   257 ||   847
         Headbutt          |    19 |    14 |    93 |    77 ||   203
         Punch             |     1 |       |    15 |    20 ||    36
         Tailslap          |       |     3 |    72 |    63 ||   138
         Unarmed           |       |       |       |    92 ||    92
   Cast: Sting             |    10 |       |    15 |       ||    25
         Mephitic Cloud    |       |       |       |     1 ||     1
 Invoke: Recall Ancestor   |       |       |       |     1 ||     1
  Evoke: Wand              |       |     9 |     1 |    11 ||    21
    Use: Scroll            |     7 |     1 |     5 |     9 ||    22
         Potion            |       |     4 |     3 |     3 ||    10
   Stab: Sleeping          |     4 |       |       |       ||     4
         Paralysed         |       |    10 |       |    13 ||    23
         Distracted        |       |       |       |     1 ||     1
 Armour: Robe              |    48 |       |       |       ||    48
         Ring mail         |    30 |    26 |   303 |   275 ||   634
         Skin              |       |    28 |    56 |       ||    84
  Dodge: Dodged            |    63 |    14 |   226 |   207 ||   510

Table legend: (Time is in decaauts)
 A = Elapsed time spent in this place.
 B = Non-inter-level travel time spent in this place.
 C = Inter-level travel time spent in this place.
 D = Time resting spent in this place.
 E = Time spent auto-exploring this place.
 F = Levels seen in this place.
 G = Mean time per level.
                   A        B        C        D        E       F      G
               +--------+--------+--------+--------+--------+-----+--------+
         Total |   8159 |   7654 |    505 |    554 |   4163 |  10 |  815.9 |
       Dungeon |   7219 |   6779 |    440 |    451 |   4108 |   8 |  902.4 |
        Temple |     76 |     11 |     65 |      0 |      0 |   1 |   76.0 |
        Bailey |    863 |    863 |      0 |    103 |     55 |   1 |  863.0 |
               +--------+--------+--------+--------+--------+-----+--------+

Top non-repeatable levels by time:
     D:8: 1208 daAuts
     D:7: 1055 daAuts
     D:3: 914 daAuts
     D:1: 912 daAuts
     D:6: 877 daAuts
  Bailey: 863 daAuts
     D:4: 836 daAuts
     D:5: 807 daAuts
     D:2: 607 daAuts
  Temple: 76 daAuts
